 Dungeon Crawl Stone Soup version 0.27-a0-242-ge0fc76b88b (webtiles) character file.

Game seed: 105862288941601104

625 Borgoz the Slasher (level 7, -11/60 HPs)
             Began as a Ghoul Gladiator on Feb 3, 2021.
             Mangled by an ogre
             ... wielding a +0 giant club
              (18 damage)
             ... on level 5 of the Dungeon.
             The game lasted 00:06:10 (4131 turns).

Borgoz the Slasher (Ghoul Gladiator)                Turns: 4131, Time: 00:06:11

Health: -11/60     AC:  6    Str: 18    XL:     7   Next: 47%
Magic:  6/6        EV: 13    Int:  3    God:
Gold:   262        SH:  4    Dex: 18    Spells: 6/6 levels left

rFire    . . .     SeeInvis .   a - +0 long sword
rCold    + . .     Faith    .   f - +0 buckler
rNeg     + + +     Spirit   .   b - +0 leather armour
rPois    ∞         Reflect  .   c - +0 helmet
rElec    .         Harm     .   (no cloak)
rCorr    .         Rampage  .   v - +1 pair of gloves
Will     .....                  (no boots)
Stlth    +.........             (no amulet)
HPRegen  0.00/turn              u - +6 ring of dexterity
MPRegen  0.10/turn              (no ring)

@: no status effects
A: claws 1, cold resistance 1, negative energy resistance 3, inhibited
regeneration, torment resistance, unbreathing
a: no special abilities


You were on level 5 of the Dungeon.
You visited 1 branch of the dungeon, and saw 5 of its levels.

You collected 262 gold pieces.

Inventory:

Hand Weapons
 a - a +0 long sword (weapon)
Armour
 b - a +0 leather armour (worn)
 c - a +0 helmet (worn)
 f - a +0 buckler (worn)
 v - a +1 pair of gloves (worn)
Jewellery
 u - a +6 ring of dexterity (left hand)
Scrolls
 e - a scroll of amnesia {unknown}
 g - a scroll of identify
 h - 2 scrolls of random uselessness {unknown}
 i - a scroll of enchant weapon {unknown}
 k - 2 scrolls of magic mapping {unknown}
 l - 2 scrolls of blinking {unknown}
 m - 2 scrolls of noise {unknown}
 n - 4 scrolls of remove curse
 o - a scroll of enchant armour {unknown}
 p - 3 scrolls of teleportation {unknown}
 r - 2 scrolls of fear {unknown}


   Skills:
 + Level 4.3 Fighting
 * Level 5.2 Long Blades
 - Level 1.7 Throwing
 + Level 2.9 Armour
 + Level 4.1 Dodging


You had 6 spell levels left.
You didn't know any spells.
Your spell library was empty.

Dungeon Overview and Level Annotations

Branches:
Dungeon (5/15)
 Temple: D:4-7

Altars:
Makhleb
Ru

Shops:
D:4 (=??(


Innate Abilities, Weirdness & Mutations

You thrive by killing the living.
You are immune to poison.
You have sharp fingernails.
Your flesh is cold resistant. (rC+)
You are immune to negative energy. (rN+++)
You do not regenerate when monsters are visible.
You are immune to unholy pain and torment.
You can survive without breathing.


Message History

Aim: an ogre, wielding a +0 giant club (77% to hit)
You throw a throwing net. The throwing net hits the ogre.
The ogre is caught in the net!
The ogre struggles against the net.
The ogre struggles against the net.
Items here: )) [ ††.
You slash the ogre!
The ogre is moderately wounded.
The ogre struggles against the net.
You barely miss the ogre.
The ogre is moderately wounded.
The ogre struggles against the net.
You hit the ogre.
The ogre is heavily wounded.
The ogre struggles against the net.
The net rips apart, and the ogre comes free!
You completely miss the ogre.
The ogre is heavily wounded.
The ogre hits you with a +0 giant club!!
You die...

# .# ..##
.....
#######....#
#....@O...#
#.#########
#####.#
#.#.....#
#.##..#.#
#.#.....# ##
#.#...#.# .
#.#...#.#
######
#.#.#...#.#
#.....


You could see an ogre.

Vanquished Creatures
  2 centaurs
  A bullfrog (D:4)
  A centaur skeleton (D:4)
  An orc priest (D:4)
  A bullfrog skeleton (D:4)
  2 iguanas
  2 orc wizards
  11 adders
  An ufetubus (D:5)
  2 oozes
  2 worms
  A dart slug (D:4)
  4 leopard geckos
  14 orcs
  A ball python (D:1)
  4 giant cockroaches
  4 goblins
  4 hobgoblins
  5 jackals (D:4)
  3 quokkas
  6 bats
  5 frilled lizards
  7 kobolds
  7 rats
91 creatures vanquished.

Notes
Turn   | Place    | Note
-------+----------+-------------------------------------------
     0 | D:1      | Borgoz the Ghoul Gladiator began the quest for the Orb.
     0 | D:1      | Reached XP level 1. HP: 17/17 MP: 0/0
   502 | D:1      | Reached XP level 2. HP: 23/25 MP: 1/1
   535 | D:1      | Reached skill level 3 in Long Blades
   966 | D:2      | Reached XP level 3. HP: 17/30 MP: 2/2
  1466 | D:2      | Reached skill level 1 in Armour
  1508 | D:2      | Noticed a centaur
  1523 | D:2      | Killed a centaur
  1524 | D:2      | Reached XP level 4. HP: 26/38 MP: 3/3
  1524 | D:2      | Reached XP level 5. HP: 30/45 MP: 4/4
  1998 | D:3      | Reached skill level 4 in Long Blades
  2115 | D:3      | Found a sacrificial altar of Ru.
  2597 | D:4      | Found Tihuqyun's Jewellery Shoppe.
  2766 | D:4      | Found Zaite's Magic Scroll Boutique.
  2773 | D:4      | Reached XP level 6. HP: 27/51 MP: 5/5
  3021 | D:4      | Found Cofidix's Weapon Emporium.
  3252 | D:4      | Found Ommao's Magic Scroll Shop.
  3321 | D:4      | Found Eficekoxt's Antique Weapon Boutique.
  3446 | D:4      | Reached XP level 7. HP: 50/59 MP: 6/6
  3703 | D:5      | Entered Level 5 of the Dungeon
  3716 | D:5      | Reached skill level 5 in Long Blades
  3970 | D:5      | Found a burning altar of Makhleb.
  4131 | D:5      | Mangled by an ogre

Illustrated notes

Levels and vault maps discovered:
D:1:      dpeg_arrival_rhombus, layout_loops_ring, hangedman_glass_teeth,
          minmay_strange_pillars
D:2:      layout_rooms, serial_park_tiny_pond
D:3:      layout_basic, nicolae_ru_great_annihilating_truth
D:4:      layout_cave_pools, serial_shops, shop, shop, shop_scrolls,
          nicolae_shop_stone, nicolae_shop_statue_plus,
          hangedman_abyss_or_decor_passed
D:5:      layout_basic, lightli_temple_of_fire, serial_shops, shop

Skill      XL: |  1  2  3  4  5  6  7 |
---------------+----------------------+-----
Long Blades    | 3 4 5 |  5.2
Dodging        | 3 4 |  4.1
Armour         | 1 2 |  2.9
Fighting       | 3 4 |  4.3
Throwing       | |  1.7

Action                   |  1- 3 |  4- 6 |  7- 9 || total
-------------------------+-------+-------+-------++-------
Melee: Long sword        |   105 |   181 |    76 ||   362
Throw: Throwing net      |     2 |     1 |     1 ||     4
  Use: Potion            |     2 |     1 |       ||     3
       Scroll            |       |     4 |       ||     4
 Stab: Paralysed         |       |     1 |       ||     1
       Sleeping          |       |     2 |     1 ||     3
Armor: Leather armour    |    40 |    63 |    16 ||   119
Dodge: Dodged            |    86 |   145 |    37 ||   268
Block: Buckler           |    16 |    42 |    14 ||    72
       Rpst.: Long sword |    22 |    49 |     8 ||    79

Table legend: (Time is in decaauts)
 A = Elapsed time spent in this place.
 B = Non-inter-level travel time spent in this place.
 C = Inter-level travel time spent in this place.
 D = Time resting spent in this place.
 E = Time spent auto-exploring this place.
 F = Levels seen in this place.
 G = Mean time per level.
                   A        B        C        D        E       F      G
               +--------+--------+--------+--------+--------+-----+--------+
         Total |   4228 |   4118 |    110 |    974 |   2304 |   5 |  845.6 |
       Dungeon |   4228 |   4118 |    110 |    974 |   2304 |   5 |  845.6 |
               +--------+--------+--------+--------+--------+-----+--------+

Top non-repeatable levels by time:
     D:4: 1137 daAuts
     D:2: 922 daAuts
     D:3: 883 daAuts
     D:1: 846 daAuts
     D:5: 439 daAuts
